 Dungeon Crawl Stone Soup version 0.30-a0-223-gcb0039aa0c (webtiles) character file.

Game seed: 2460728973529742200

343 Schnaeble the Cudgeller (level 6, -3/56 HPs)
             Began as a Minotaur Berserker on Oct 9, 2022.
             Was a Priest of Trog.
             Slain by an iguana (7 damage)
             ... on level 3 of the Dungeon.
             The game lasted 00:06:58 (2213 turns).

Schnaeble the Cudgeller (Minotaur Berserker)        Turns: 2213, Time: 00:06:58

Health: -3/56      AC: 11    Str: 23    XL:     6   Next: 31%
Magic:  5/5        EV:  8    Int:  4    God:    Trog [***...]
Gold:   176        SH:  0    Dex: 10    Spells: 5/5 levels left

rFire   . . .      SeeInvis .    c - +3 whip (venom)
rCold   . . .      Faith    .    (no shield)
rNeg    . . .      Spirit   .    r - +0 chain mail
rPois   .          Reflect  .    (helmet restricted)
rElec   .          Harm     .    o - +0 cloak
rCorr   .          Rampage  .    (no gloves)
Will    .....                    g - +0 pair of boots
Stlth   ..........               (no amulet)
HPRegen 0.29/turn                d - ring of flight
MPRegen 0.09/turn                (no ring)

@: flying
A: horns 2, retaliatory headbutt
a: Renounce Religion, Berserk, Trog's Hand


You were on level 3 of the Dungeon.
You worshipped Trog.
Trog was most pleased with you.
You visited 1 branch of the dungeon, and saw 4 of its levels.

You collected 176 gold pieces.

Inventory:

Hand Weapons
 a - a +0 mace
 c - a +3 whip of venom (weapon)
Armour
 g - a +0 pair of boots (worn)
 o - a +0 cloak (worn)
 r - a +0 chain mail (worn)
Jewellery
 d - a ring of flight (left hand)
Scrolls
 i - a scroll of identify {unknown}
 j - 2 scrolls of silence {unknown}
 k - a scroll of butterflies {unknown}
 l - a scroll of amnesia {unknown}
 m - a scroll of vulnerability {unknown}
 n - 3 scrolls of enchant armour {unknown}
 q - a scroll of enchant weapon {unknown}
Potions
 b - a potion of flight {unknown}
 e - a potion of lignification
 f - 2 potions of might {unknown}
 h - 2 potions of haste {unknown}
 p - 2 potions of cancellation {unknown}


   Skills:
 + Level 5.2 Fighting
 + Level 7.4 Maces & Flails
 - Level 2.6 Armour
 - Level 2.7 Dodging


You had 5 spell levels left.
You didn't know any spells.
Your spell library was empty.

Dungeon Overview and Level Annotations

Branches:
Dungeon (4/15)
 Temple: D:4-7

Altars:
Cheibriados

Shops:
D:2 =

Annotations:
D:4 Sigmund


Innate Abilities, Weirdness & Mutations

You have a pair of horns on your head.
You reflexively headbutt those who attack you in melee.


Message History

The black bear bites you. The black bear claws you.
The black bear barely misses you. The iguana bites you.
Sigmund barely misses you.
You fly upwards.
There is a stone staircase leading down here.
You whack the black bear!
The black bear is poisoned.
The black bear is moderately wounded.
You barely miss the black bear.
You headbutt the black bear, but do no damage.
The black bear is moderately wounded.
The iguana closely misses you. The black bear bites you.
The black bear claws you. x2
The iguana attacks as you move away! The iguana barely misses you.
The iguana hisses menacingly.
The black bear attacks as you move away!
The black bear bites you. The black bear closely misses you. x2
You see here a +0 whip.
The black bear attacks as you move away!
The black bear bites you but does no damage.
The black bear closely misses you.
The black bear claws you but does no damage.
The iguana attacks as you move away! The iguana bites you!
* * * LOW HITPOINT WARNING * * *
The black bear attacks as you move away!
The black bear closely misses you. The black bear barely misses you.
The black bear closely misses you. The iguana attacks as you move away!
The iguana barely misses you.
The black bear attacks as you move away!
The black bear closely misses you. You furiously retaliate!
You headbutt the black bear, but do no damage.
The black bear closely misses you.
The black bear claws you but does no damage.
The iguana attacks as you move away! The iguana bites you!
* * * LOW HITPOINT WARNING * * *
The black bear attacks as you move away!
The black bear barely misses you. You furiously retaliate!
You headbutt the black bear. The black bear closely misses you.
The black bear barely misses you. The iguana attacks as you move away!
The iguana bites you!
You die...

######### #.......####
#.[........# #..8.....8.#
#######........[.####
#....h...............
#...@l...)..>....####
#.#####.............. #.#
#..............
############.#####..8.....8.....
#...............................
#............#####.#.##.....[>..
#............# #..............
#............# #..............
#............# #)....<########


You could see a black bear (poisoned) and an iguana.

Vanquished Creatures
  An ogre (D:3)
  Natasha (twice) (D:2)
  2 orc wizards (D:3)
  4 gnolls (D:2)
  3 adders
  A worm (D:2)
  4 dart slugs (D:3)
  4 orcs (D:3)
  8 endoplasms
  6 giant cockroaches
  5 goblins
  6 hobgoblins
  9 kobolds
  5 quokkas
  A ball python (D:1)
  4 bats
  A frilled lizard (D:2)
  25 rats
91 creatures vanquished.

Notes
Turn   | Place    | Note
-------+----------+-------------------------------------------
     0 | D:1      | Schnaeble the Minotaur Berserker began the quest for the
                  | Orb.
     0 | D:1      | Reached XP level 1. HP: 19/19 MP: 0/0
     8 | D:1      | Noticed a black mamba
     8 | D:1      | Noticed a black bear
     9 | D:1      | Noticed a redback
     9 | D:1      | Noticed a swamp drake
    74 | D:1      | Reached XP level 2. HP: 19/27 MP: 1/1
    75 | D:1      | Reached skill level 4 in Maces & Flails
   197 | D:1      | Found a faded altar of an unknown god.
   253 | D:1      | Reached ** piety under Trog
   435 | D:1      | Reached XP level 3. HP: 33/33 MP: 2/2
   683 | D:2      | Reached skill level 5 in Maces & Flails
   683 | D:2      | Reached XP level 4. HP: 18/41 MP: 3/3
  1042 | D:2      | Noticed Natasha
  1057 | D:2      | Killed Natasha
  1062 | D:2      | Noticed Natasha
  1074 | D:2      | Killed Natasha
  1075 | D:2      | Reached skill level 6 in Maces & Flails
  1075 | D:2      | Reached XP level 5. HP: 8/47 MP: 4/4
  1160 | D:2      | Found Latwuwa's Jewellery Boutique.
  1234 | D:2      | Found a snail-covered altar of Cheibriados.
  1456 | D:3      | Reached *** piety under Trog
  1610 | D:3      | Reached skill level 5 in Fighting
  1774 | D:3      | Noticed an ogre
  1787 | D:3      | Killed an ogre
  1788 | D:3      | Reached skill level 7 in Maces & Flails
  1788 | D:3      | Reached XP level 6. HP: 24/56 MP: 5/5
  2197 | D:4      | Noticed Sigmund
  2213 | D:3      | Slain by an iguana

Illustrated notes

Levels and vault maps discovered:
D:1:      onia_arrival_zoo_common, layout_rooms,
          hellmonk_ecumenical_altar_inner_sanctum,
          chequers_serial_rivers_small_b
D:2:      layout_basic, basic_altar, serial_shops, shop_statue, minmay_rat_hole,
          uniq_natasha
D:3:      layout_basic, st_stairs_1
D:4:      layout_layer_cave, minivault_26, grunt_ministairs_7,
          minmay_misc_feat_cross, uniq_duvessa, uniq_sigmund, uniq_menkaure

Skill      XL: |  1  2  3  4  5 |
---------------+----------------+-----
Maces & Flails | 4 5 6 7 |  7.4
Fighting       | 4 5 |  5.2
Armour         | |  2.6
Dodging        | |  2.7

Action                   |  1- 3 |  4- 6 || total
-------------------------+-------+-------++-------
Melee: Mace              |    75 |     4 ||    79
       Headbutt          |     5 |    15 ||    20
       Whip              |       |   106 ||   106
       Punch             |       |     1 ||     1
Invok: Trog's Hand       |       |     1 ||     1
       Berserk           |       |     1 ||     1
  Use: Potion            |     1 |     3 ||     4
Armor: Animal skin       |    13 |     2 ||    15
       Skin              |       |     6 ||     6
       Leather armour    |       |    22 ||    22
       Chain mail        |       |    12 ||    12
Dodge: Dodged            |    61 |    67 ||   128

Table legend: (Time is in decaauts)
 A = Elapsed time spent in this place.
 B = Non-inter-level travel time spent in this place.
 C = Inter-level travel time spent in this place.
 D = Time resting spent in this place.
 E = Time spent auto-exploring this place.
 F = Levels seen in this place.
 G = Mean time per level.
                   A        B        C        D        E       F      G
               +--------+--------+--------+--------+--------+-----+--------+
         Total |   2227 |   2136 |     91 |     12 |   1325 |   4 |  556.8 |
       Dungeon |   2227 |   2136 |     91 |     12 |   1325 |   4 |  556.8 |
               +--------+--------+--------+--------+--------+-----+--------+

Top non-repeatable levels by time:
     D:2: 930 daAuts
     D:3: 753 daAuts
     D:1: 538 daAuts
     D:4: 4 daAuts
